 Dungeon Crawl Stone Soup version 0.22-a0-274-gf8199ec (webtiles) character file.

10 tidbits the Insei (level 2, 0/23 HPs)
             Began as a Gnoll Transmuter on Mar 13, 2018.
             Slain by an orc priest
             ... wielding a +0 mace
              (7 damage)
             ... on level 3 of the Dungeon.
             The game lasted 00:01:58 (268 turns).

tidbits the Insei (Gnoll Transmuter)                 Turns: 268, Time: 00:01:59

Health: 0/23       AC:  2    Str: 12    XL:     2   Next: 20%
Magic:  6/7        EV: 14    Int: 15    God:
Gold:   67         SH:  0    Dex: 15    Spells: 7/10 levels left

rFire    . . .     SeeInvis .     - Unarmed
rCold    . . .     Gourm    .   (no shield)
rNeg     . . .     Faith    .   b - +0 robe
rPois    .         Spirit   .   (no helmet)
rElec    .         Reflect  .   (no cloak)
rCorr    .         Harm     .   (no gloves)
MR       .....                  (no boots)
Stlth    ++........             (no amulet)
HPRegen  0.07/turn              (no ring)
MPRegen  0.10/turn              (no ring)

@: appendage
A: distributed training, fangs 1, horns 2, strong nose
a: End Transformation


You were on level 3 of the Dungeon.
You were not hungry.
You had grown temporary horns.
You visited 1 branch of the dungeon, and saw 3 of its levels.

You collected 67 gold pieces.

Inventory:

Missiles
 a - 11 arrows
Armour
 b - a +0 robe (worn)
Scrolls
 c - a scroll of identify {unknown}
Comestibles
 d - a ration


   Skills:
 + Level 2.4 Fighting
 + Level 0.3 Short Blades
 + Level 0.3 Long Blades
 + Level 0.3 Axes
 + Level 0.3 Maces & Flails
 + Level 0.3 Polearms
 + Level 0.3 Staves
 + Level 0.3 Slings
 + Level 0.3 Bows
 + Level 0.3 Crossbows
 + Level 0.3 Throwing
 + Level 0.3 Armour
 + Level 4.4 Dodging
 + Level 0.3 Stealth
 + Level 0.3 Shields
 + Level 6.4 Unarmed Combat
 + Level 4.9 Spellcasting
 + Level 0.2 Conjurations
 + Level 0.2 Hexes
 + Level 0.2 Charms
 + Level 0.2 Summonings
 + Level 0.2 Necromancy
 + Level 0.2 Translocations
 + Level 3.7 Transmutations
 + Level 0.2 Fire Magic
 + Level 0.2 Ice Magic
 + Level 0.2 Air Magic
 + Level 0.2 Earth Magic
 + Level 0.2 Poison Magic
 + Level 0.4 Invocations
 + Level 0.3 Evocations


You had 7 spell levels left.
You knew the following spells:

 Your Spells              Type           Power        Failure   Level  Hunger
e - Beastly Appendage     Tmut           ##....       3%          1    None
k - Sticks to Snakes      Tmut           ##......     5%          2    ##.....


Dungeon Overview and Level Annotations

Branches:
Dungeon (3/15)

Altars:
Yredelemnul


Innate Abilities, Weirdness & Mutations

Your experience applies equally to all skills.
You have very sharp teeth.
Your uncanny sense of smell can sniff out nearby items.
You have a pair of horns on your head.


Message History

You now have 67 gold pieces (gained 9).
Found a stone staircase leading down.
There is a stone staircase leading down here.
You climb downwards.
There is a stone staircase leading up here.
Unknown command.
Found a stone staircase leading up.
A goblin comes into view.
There is a stone staircase leading up here.
You climb upwards.
Found a mace.
Found an escape hatch in the ceiling.
There is a stone staircase leading down here.
Unknown command.
Found a scroll labeled MUAC WAULAUXT.
You see here a scroll labeled MUAC WAULAUXT.
c - a scroll labeled MUAC WAULAUXT
Found a ration.
Found 19 stones.
You see here a mace.
There is a stone staircase leading down here.
You climb downwards.
The goblin shouts!
There is a stone staircase leading up here.
Unknown command.
A dart slug comes into view.
Casting: Beastly Appendage (safe; 3% risk of failure)
Confirm with . or Enter, or press ? or * to list all spells.
You grow a pair of large bovine horns.
A kobold comes into view. It is wielding a dagger.
A quokka comes into view.
You completely miss the goblin. Your bite misses the goblin.
The goblin completely misses you. The quokka closely misses you.
You hit the goblin. Your headbutt misses the goblin.
Your bite misses the goblin.
The goblin is moderately wounded.
The goblin misses you. The quokka bites you.
You closely miss the goblin. Your headbutt misses the goblin.
The goblin is moderately wounded.
The goblin barely misses you. The quokka misses you.
You punch the goblin!
You kill the goblin!
The quokka twitches its whiskers.
The quokka bites you.
You hit the quokka.
The quokka is severely wounded.
The quokka barely misses you.
You miss the quokka.
The quokka is severely wounded.
The quokka barely misses you.
You closely miss the quokka. Your headbutt misses the quokka.
Your bite misses the quokka.
The quokka is severely wounded.
The quokka barely misses you.
You punch the quokka!
You kill the quokka!
You have reached level 2!
Memorise Sticks to Snakes, consuming 2 spell levels and leaving 7?
You start memorising the spell.
You continue memorising. x2
You finish memorising.
Spell assigned to 'k'.
You see here a quokka corpse.
Casting: Beastly Appendage (safe; 3% risk of failure)
Confirm with . or Enter, or press ? or * to list all spells.
You create a snake!
You now have 11 arrows.
Your transformation is almost over.
You swap places.
The dart slug misses you. The dart slug launches a dart at you.
The slug dart hits you!
You hit the dart slug. You headbutt the dart slug.
The dart slug is almost dead.
Your ball python bites the dart slug but does no damage.
Your ball python grabs the dart slug.
Your ball python constricts the dart slug.
You hit the dart slug.
You kill the dart slug!
Your horns disappear.
An orc priest comes into view. It is wielding a mace.
The orc priest shouts!
You hear a shout!
You swap places.
Casting: Sticks to Snakes (safe; 5% risk of failure)
Confirm with . or Enter, or press ? or * to list all spells.
You grow a pair of large bovine horns.
You swap places.
You hit the orc priest.
You headbutt the orc priest, but do no damage.
The orc priest is moderately wounded.
The orc priest begins to cast a cantrip, but forgets the words!
An orc priest comes into view. It is wielding a club.
You hit the orc priest but do no damage.
You headbutt the orc priest.
You punch the orc priest, but do no damage.
The orc priest is heavily wounded.
The orc priest hits you with a mace!
* * * LOW HITPOINT WARNING * * *
You hit the orc priest but do no damage.
You headbutt the orc priest, but do no damage.
The orc priest is heavily wounded.
You closely miss the orc priest. Your punch misses the orc priest.
The orc priest is heavily wounded.
The orc priest hits you with a mace!
You die...

#####.# †.#...
...# #†#.###
##... ......#
....
##.##.########
..o
##.#.........#
..
##....######.#
.# #####.#
#.#####.# #
#.# #...S@oo#
. ..#
######### ##
###


You could see 2 orc priests and a friendly ball python.

Vanquished Creatures
  A dart slug (D:3)
  A giant cockroach (D:1)
  A goblin (D:3)
  A quokka (D:3)
  A frilled lizard (D:1)
  A kobold (D:1)
  3 rats (D:1)
9 creatures vanquished.

Notes
Turn   | Place    | Note
-------+----------+-------------------------------------------
     0 | D:1      | tidbits the Gnoll Transmuter began the quest for the Orb.
     0 | D:1      | Reached XP level 1. HP: 17/17 MP: 6/6
   145 | D:2      | Found a basalt altar of Yredelemnul.
   236 | D:3      | Reached XP level 2. HP: 13/23 MP: 7/7
   240 | D:3      | Learned a level 2 spell: Sticks to Snakes
   268 | D:3      | Slain by an orc priest

Vault maps used:
D:1:      scummos_arrival_forest
D:2:      yredelemnul_altar_generic, first_ration
D:3:      serial_glass, glass_columns_a, glass_columns_b,
          hangedman_decor_growths

Action                   || total
-------------------------++-------
Melee: Unarmed           ||    24
       Headbutt          ||     6
       Kick              ||     1
       Bite              ||     1
       Punch             ||     1
 Cast: Beastly Appendage ||     5
       Sticks to Snakes  ||     1
Armor: Robe              ||     2
Dodge: Dodged            ||    15

Table legend:
 A = Spawn XP
 B = Non-spawn XP
 C = Spawn XP percentage of total XP
 D = Spawn monster count
 E = Non-spawn monster count
 F = Spawn count percentage of total count
 G = Total turns spent on level
                    A         B        C        D         E        F      G
               +---------+---------+-------+---------+---------+-------+---------
         Total |       0 |      15 |   0.0 |       0 |       9 |   0.0 |   268
               +---------+---------+-------+---------+---------+-------+---------
           D:1 |       0 |       7 |   0.0 |       0 |       6 |   0.0 |   114
           D:3 |       0 |       8 |   0.0 |       0 |       3 |   0.0 |    63
               +---------+---------+-------+---------+---------+-------+---------

Table legend:
 A = Turns spent in this place as a percentage of turns spent in the entire game.
 B = Non-inter-level travel turns spent in this place as a percentage of non-inter-level travel turns spent in the entire game.
 C = Inter-level travel turns spent in this place as a percentage of turns spent in this place.
 D = Turns resting spent in this place as a percentage of non-inter-level travel turns spent in this place.
 E = Turns spent auto-exploring this place as a percentage of non-inter-level travel turns spent in this place.
 F = Non-inter-level travel turns spent in this place divided by the number of levels of this place that you've seen.
                   A       B       C       D       E      F
               +-------+-------+-------+-------+-------+----------------------
         Total | 100.0 | 100.0 |   0.0 |   0.0 |   0.0 |  89.3
       Dungeon | 100.0 | 100.0 |   0.0 |   0.0 |   0.0 |  89.3
               +-------+-------+-------+-------+-------+----------------------

Table legend:
 A = Kills in this place as a percentage of kills in entire the game.
 B = Kills by you in this place as a percentage of kills by you in the entire game.
 C = Kills by friends in this place as a percentage of kills by friends in the entire game.
 D = Other kills in this place as a percentage of other kills in the entire game.
 E = Experience gained in this place as a percentage of experience gained in the entire game.
 F = Experience gained in this place divided by the number of levels of this place that you have seen.
                   A       B       C       D       E      F
               +-------+-------+-------+-------+-------+----------------------
         Total | 100.0 | 100.0 |   N/A |   N/A | 100.0 |   5.0
       Dungeon | 100.0 | 100.0 |   N/A |   N/A | 100.0 |   5.0
               +-------+-------+-------+-------+-------+----------------------

Vault maps used:
D:1:      scummos_arrival_forest
D:2:      yredelemnul_altar_generic, first_ration
D:3:      serial_glass, glass_columns_a, glass_columns_b,
          hangedman_decor_growths
